 Dungeon Crawl Stone Soup version 0.22-a0-422-g9628fc8 (webtiles) character file.

3645 MisterFreud the Slicer (level 10, -4/65 HPs)
             Began as a Kobold Berserker on May 22, 2018.
             Was a High Priest of Trog.
             Slain by a two-headed ogre
             ... wielding a +0 giant club
              (25 damage)
             ... on level 8 of the Dungeon.
             The game lasted 00:34:47 (9205 turns).

MisterFreud the Slicer (Kobold Berserker)           Turns: 9205, Time: 00:34:47

Health: -4/65      AC:  5    Str: 18    XL:     10   Next: 33%
Magic:  14/14      EV: 20    Int:  8    God:    Trog [*****.]
Gold:   113        SH:  0    Dex: 15    Spells: 9/9 levels left

rFire    + . .     SeeInvis .   D - +1 short sword (vamp)
rCold    . . .     Gourm    .   (shield restricted)
rNeg     . . .     Faith    .   t - +0 leather armour
rPois    .         Spirit   .   (no helmet)
rElec    .         Reflect  .   s - +0 cloak
rCorr    .         Harm     .   A - +0 pair of gloves
MR       .....                  (no boots)
Stlth    +++.......             w - amulet of regeneration
HPRegen  0.60/turn              v - ring of protection from cold
MPRegen  0.14/turn              K - ring of fire

@: no status effects
A: small, carnivore
a: Berserk, Trog's Hand, Brothers in Arms, Renounce Religion


You were on level 8 of the Dungeon.
You worshipped Trog.
Trog was extremely pleased with you.
You were very full.

You visited 1 branch of the dungeon, and saw 8 of its levels.

You collected 463 gold pieces.
You spent 350 gold pieces at shops.

Inventory:

Hand Weapons
 a - a +0 dagger of protection
 b - a +0 hunting sling
 c - a +0 blowgun
 f - a +0 short sword
 D - a +1 vampiric short sword (weapon)
Missiles
 d - 4 tomahawks (quivered)
 e - 195 arrows
 h - 2 needles of confusion
 j - 185 stones
 k - 132 sling bullets
 r - 47 poisoned needles
 u - 52 bolts
 N - 4 exploding tomahawks
Armour
 s - a +0 cloak (worn)
 t - a +0 leather armour (worn)
 A - a +0 pair of gloves (worn)
Jewellery
 v - a ring of protection from cold (left hand)
 w - an amulet of regeneration (around neck)
 K - a ring of fire (right hand)
Wands
 x - a wand of clouds (4)
 C - a wand of flame (36)
 J - a wand of iceblast (7)
 O - a wand of polymorph (7)
Scrolls
 g - 4 scrolls of remove curse
 i - 2 scrolls of teleportation {unknown}
 l - 2 scrolls of magic mapping
 m - 2 scrolls of amnesia {unknown}
 z - a scroll of blinking {unknown}
 B - a scroll of silence {unknown}
 H - 2 scrolls of immolation {unknown}
 P - 2 scrolls of identify
 Q - a scroll of vulnerability {unknown}
 S - a scroll of fog {unknown}
Potions
 n - 4 potions of mutation
 o - 2 potions of resistance
 p - 4 potions of curing
 q - a potion of flight
 E - 3 potions of might
 F - 3 potions of heal wounds
 G - 2 potions of agility
 I - a potion of magic
 L - a potion of haste
 M - 3 potions of lignification
 R - 2 potions of berserk rage
Comestibles
 y - 18 rations


   Skills:
 + Level 8.4 Fighting
 + Level 10.3 Short Blades
 - Level 1.5 Armour
 + Level 8.9 Dodging
 - Level 6.2 Stealth
 - Level 6.1 Evocations


You had 9 spell levels left.
You didn't know any spells.
Your spell library was empty.

Dungeon Overview and Level Annotations

Branches:
Dungeon (8/15)             Temple (0/1) D:7
   Lair: D:8-11

Altars:
Ashenzari
Elyvilon
Gozag
Hepliaklqana
Makhleb
Qazlal
Ru
Sif Muna
Vehumet
Wu Jian

Shops:
D:5 :   D:6 !

Annotations:
D:8 galech's ghost, novice OgBe


Innate Abilities, Weirdness & Mutations

You are small and have problems with some larger weapons.
You are carnivorous and can eat meat at any time.


Message History

The crimson imp closely misses you.
You closely miss the crimson imp.
The crimson imp is almost dead.
The crimson imp completely misses you.
You hit the crimson imp.
You kill the crimson imp!
Trog accepts your kill.
No target in view!
You now have 113 gold pieces (gained 14).
A two-headed ogre comes into view. It is wielding two giant clubs.
The two-headed ogre shouts in stereo!
You hit the two-headed ogre.
The two-headed ogre is lightly wounded.
The two-headed ogre hits you with a giant club! x2
You hit the two-headed ogre.
The two-headed ogre is lightly wounded.
You hit the two-headed ogre.
The two-headed ogre is moderately wounded.
The two-headed ogre hits you with a giant club!! x2
You die...

#.#,* ###+**,,,*
#.#,**###..,,,,,,*
#.#,,,..#.#,**,,..
#.#*###.#.#,###,..
#.###.#.#.#,..#...
#.....#.#.###.#...
#.#.#...#.........
#.#.#.........###*
#@#.#.........#.#
*******#O#.#.#.........##
*,,,,,,#.#.#......<......
*,*****#.#.########......
*,,,,,,..#+#**** #......
*******#..,,,,,***#......
#..,,,,,,.........
#..,,,,,..........
*,,,,,,......#####


You could see a two-headed ogre.

Vanquished Creatures
  Prince Ribbit (D:5)
  Grinder (D:5)
  A hippogriff (D:7)
  Eustachio (D:6)
  The ghost of Curus the Changer, an amateur MfTm (D:3)
  Menkaure (D:5)
  2 orc warriors
  Duvessa (D:4)
  A sky beast (D:5)
  A phantom (D:5)
  4 ogres
  A centaur (D:5)
  A big kobold (D:6)
  6 bullfrogs
  A gnoll sergeant (D:7)
  3 scorpions
  Dowan (D:4)
  A howler monkey (D:7)
  A crimson imp (D:8)
  A bullfrog zombie (D:6)
  A quasit (D:6)
  2 orc priests
  3 hounds
  4 orc wizards
  A bullfrog skeleton (D:6)
  A centaur skeleton (D:4)
  A gnoll shaman (D:7)
  2 iguanas (D:5)
  8 worker ants
  A hound skeleton (D:6)
  A hound zombie (D:7)
  Robin (D:3)
  7 adders
  9 gnolls
  A howler monkey skeleton (D:4)
  A shadow imp (D:7)
  An ooze (D:4)
  An adder skeleton (D:6)
  3 worms
  2 dart slugs (D:1)
  4 leopard geckos
  23 orcs
  2 ball pythons
  7 giant cockroaches
  16 goblins
  10 hobgoblins
  16 jackals
  A quokka (D:2)
  9 bats
  6 frilled lizards
  10 kobolds
  4 rats
190 creatures vanquished.

Vanquished Creatures (others)
  An orc wizard (D:4)
1 creature vanquished.

Grand Total: 191 creatures vanquished

Notes
Turn   | Place    | Note
-------+----------+-------------------------------------------
     0 | D:1      | MisterFreud the Kobold Berserker began the quest for the Orb.
     0 | D:1      | Reached XP level 1. HP: 14/14 MP: 1/1
    87 | D:1      | Reached skill level 1 in Stealth
   191 | D:1      | Reached XP level 2. HP: 7/19 MP: 2/2
   994 | D:1      | Reached XP level 3. HP: 23/23 MP: 3/3
  1247 | D:1      | Reached skill level 5 in Short Blades
  1457 | D:2      | Reached XP level 4. HP: 28/28 MP: 4/4
  1535 | D:2      | Reached ** piety under Trog
  1550 | D:2      | Found a white marble altar of Elyvilon.
  1701 | D:2      | Reached XP level 5. HP: 32/32 MP: 5/5
  1778 | D:2      | Found a shattered altar of Ashenzari.
  2302 | D:2      | Reached skill level 6 in Short Blades
  2740 | D:3      | Reached skill level 5 in Stealth
  2908 | D:3      | Noticed Curus's ghost (amateur MfTm)
  2991 | D:3      | Found a sacrificial altar of Ru.
  3369 | D:2      | Reached XP level 6. HP: 37/37 MP: 6/6
  3401 | D:3      | Killed Curus's ghost
  3401 | D:3      | Reached skill level 7 in Short Blades
  3787 | D:4      | Reached *** piety under Trog
  3904 | D:4      | Noticed Robin
  4089 | D:3      | Killed Robin
  4089 | D:3      | Reached XP level 7. HP: 34/41 MP: 7/7
  4213 | D:4      | Reached skill level 8 in Short Blades
  4219 | D:4      | Noticed Dowan
  4220 | D:4      | Noticed Duvessa
  4482 | D:4      | Reached skill level 9 in Short Blades
  4993 | D:4      | Killed Dowan
  5050 | D:4      | Killed Duvessa
  5050 | D:4      | Reached skill level 10 in Short Blades
  5050 | D:4      | Reached XP level 8. HP: 40/46 MP: 8/8
  5113 | D:5      | Entered Level 5 of the Dungeon
  5116 | D:5      | Found a radiant altar of Vehumet.
  5155 | D:5      | Found an opulent altar of Gozag.
  5229 | D:5      | Reached skill level 1 in Evocations
  5354 | D:5      | Noticed Menkaure
  5362 | D:5      | Killed Menkaure
  5392 | D:5      | Found a deep blue altar of Sif Muna.
  5554 | D:5      | Found Taet's Book Emporium.
  5569 | D:5      | Reached **** piety under Trog
  5824 | D:5      | Noticed Prince Ribbit
  6119 | D:5      | Found a burning altar of Makhleb.
  6119 | D:5      | Noticed Grinder
  6122 | D:5      | Killed Grinder
  6122 | D:5      | Reached skill level 5 in Fighting
  6122 | D:5      | Reached skill level 5 in Dodging
  6122 | D:5      | Reached XP level 9. HP: 54/54 MP: 10/12
  6300 | D:5      | Found an ornate altar of the Wu Jian Council.
  6443 | D:5      | Killed Prince Ribbit
  6803 | D:6      | Noticed Eustachio
  6816 | D:6      | Killed Eustachio
  6816 | D:6      | Reached skill level 5 in Evocations
  7103 | D:6      | Found a shattered altar of Ashenzari.
  7158 | D:6      | Found a hazy altar of Hepliaklqana.
  7237 | D:6      | Found Luff's Distillery.
  7243 | D:6      | Bought a potion of heal wounds for 50 gold pieces
  7243 | D:6      | Bought a potion of haste for 100 gold pieces
  7243 | D:6      | Bought 2 potions of lignification for 60 gold pieces
  7243 | D:6      | Bought 2 potions of heal wounds for 100 gold pieces
  7243 | D:6      | Bought a potion of brilliance for 40 gold pieces
  7810 | D:6      | Received a gift from Trog
  8043 | D:7      | Noticed a hippogriff
  8049 | D:7      | Killed a hippogriff
  8049 | D:7      | Reached XP level 10. HP: 63/63 MP: 14/14
  8242 | D:8      | Noticed galech's ghost (novice OgBe)
  8262 | D:7      | Found a staircase to the Ecumenical Temple.
  8343 | D:7      | Reached ***** piety under Trog
  8616 | D:7      | Found a stormy altar of Qazlal.
  9199 | D:8      | Noticed a two-headed ogre
  9205 | D:8      | Slain by a two-headed ogre

Vault maps used:
D:1:      onia_arrival_mini_spirals
D:2:      cheibrodos_pilgrimage, lemuel_doored_altar, evilmike_ruin_ashenzari
D:3:      nicolae_ru_awakened_eye, first_ration
D:4:      uniq_robin, uniq_duvessa
D:5:      old_standard_altar, vehumet_altar_wand_db, bloody_makhleb,
          nicolae_overflow_crystal_walls, kennysheep_mini_moat,
          serial_corexii_hall, corexii_hall_statues_l,
          corexii_hall_statues_deadend, corexii_hall_statues_deadend,
          serial_shops, shop, hangedman_decor_lopped, palyth_stone_intersect,
          uniq_grinder, uniq_menkaure, uniq_prince_ribbit1
D:6:      lemuel_round_altar, old_standard_altar, serial_shops, kennysheep_mini,
          uniq_eustachio
D:7:      lemuel_coloured_pillars_altar, minmay_temple_entry_glass, minmay_bent
D:8:      nicolae_overflow_hidden_temple

Skill      XL: |  1  2  3  4  5  6  7  8  9 10 |
---------------+-------------------------------+-----
Stealth        | 1 2 3 4 5 6 |  6.2
Short Blades   | 5 6 7 10 | 10.3
Dodging        | 5 7 8 |  8.9
Evocations     | 4 6 |  6.1
Fighting       | 5 7 8 |  8.4
Armour         | |  1.5

Action                   |  1- 3 |  4- 6 |  7- 9 | 10-12 || total
-------------------------+-------+-------+-------+-------++-------
Melee: Short sword       |    21 |       |    45 |    52 ||   118
       Dagger            |    95 |   389 |   703 |   325 ||  1512
 Fire: Hunting sling     |       |       |    40 |       ||    40
Invok: Berserk           |     1 |     3 |     7 |     2 ||    13
Evoke: Wand              |       |       |     4 |       ||     4
  Use: Scroll            |       |     4 |     6 |     3 ||    13
 Stab: Sleeping          |     3 |    11 |    12 |     2 ||    28
       Distracted        |       |       |     2 |       ||     2
  Eat: Chunk             |    11 |    10 |    26 |     9 ||    56
Armor: Animal skin       |    28 |    13 |       |       ||    41
       Leather armour    |       |    65 |   116 |    37 ||   218
Dodge: Dodged            |    72 |   193 |   372 |   179 ||   816

Table legend:
 A = Spawn XP
 B = Non-spawn XP
 C = Spawn XP percentage of total XP
 D = Spawn monster count
 E = Non-spawn monster count
 F = Spawn count percentage of total count
 G = Total turns spent on level
                    A         B        C        D         E        F      G
               +---------+---------+-------+---------+---------+-------+---------
         Total |       0 |    5208 |   0.0 |       0 |     190 |   0.0 |  9205
               +---------+---------+-------+---------+---------+-------+---------
           D:1 |       0 |      57 |   0.0 |       0 |      25 |   0.0 |  1411
           D:2 |       0 |     144 |   0.0 |       0 |      26 |   0.0 |  1312
           D:3 |       0 |     284 |   0.0 |       0 |      31 |   0.0 |  1254
           D:4 |       0 |     649 |   0.0 |       0 |      27 |   0.0 |  1136
           D:5 |       0 |    1350 |   0.0 |       0 |      18 |   0.0 |  1563
           D:6 |       0 |    1254 |   0.0 |       0 |      36 |   0.0 |  1446
           D:7 |       0 |    1231 |   0.0 |       0 |      23 |   0.0 |  1010
           D:8 |       0 |     239 |   0.0 |       0 |       4 |   0.0 |    73
               +---------+---------+-------+---------+---------+-------+---------
